General information
- name: BNet
- type: Ladder 1vs1/FFA
- host: Battle.net
- saver: erz
map: TirisfalGlades
- players: 2
- length: 30:10
- speed: Fast
- version: 1.23 W3XP
- replay type: Public
» download(133 KB)
Players
team 1 (loser)
szsy (
yellow | 149 APM | 4485 actions | 30:09)
7 Blademaster
3 Wind Walk
3 Critical Strike
1 Bladestorm
1 Tauren Chieftain
1 Shockwave
» actions
| Assign group hotkey | 81 | |
| Basic commands | 128 | |
| Build / train | 149 | |
| ESC pressed | 4 | |
| Enter build submenu | 16 | |
| Enter hero's abilities submenu | 8 | |
| Give item / drop item | 5 | |
| Right click | 2342 | |
| Select / deselect | 747 | |
| Select group hotkey | 818 | |
| Use ability | 187 | |
4485 total
» units
| Peon | 16 | |
| Grunt | 6 | |
| Raider | 2 | |
| Spirit Walker | 5 | |
| Troll Batrider | 2 | |
| Troll Headhunter/Berserker | 16 | |
| Wind Rider | 11 | |
58 total
» upgrades
| Ensnare | 1 | |
| Spirit Walker Training | 1 | |
| Berserker Strength | 1 | |
| Troll Regeneration | 1 | |
| Berserker Upgrade | 1 | |
| Pillage | 1 | |
| Reinforced Defenses | 1 | |
| Armor | 1 | |
| Envenomed Spears | 1 | |
9 total
» buildings
| Altar of Storms | 1 | |
| Orc Burrow | 4 | |
| Barracks | 1 | |
| Voodoo Lounge | 2 | |
| Stronghold | 1 | |
| Spirit Lodge | 1 | |
| Beastiary | 1 | |
| War Mill | 1 | |
| Fortress | 2 | |
| Watch Tower | 2 | |
16 total
» build order
00:02 Altar of Storms
00:15 Orc Burrow
00:38 Barracks
01:36 Orc Burrow
01:56 Voodoo Lounge
03:17 Stronghold
04:48 Orc Burrow
05:46 Spirit Lodge
05:48 Beastiary
07:17 Orc Burrow
08:23 War Mill
10:11 Fortress
10:12 Fortress
10:54 Watch Tower
10:56 Watch Tower
26:07 Voodoo Lounge
» items
| Scroll of Speed | 6 | |
| Healing Salve | 9 | |
| Boots of Speed | 3 | |
| Dust of Appearance | 4 | |
| Lesser Clarity Potion | 10 | |
| Scroll of Healing | 4 | |
| Orb of Lightning | 1 | |
| Potion of Lesser Invulnerability | 8 | |
| Tiny Great Hall | 4 | |
| Potion of Healing | 3 | |
52 total
team 2 (winner)

»
erz (
blue | 144 APM | 4354 actions | 30:10)
4 Pit Lord
2 Rain of Fire
2 Cleaving Attack
4 Goblin Tinker
2 Pocket Factory
2 Cluster Rockets
3 Keeper of the Grove
2 Entangling Roots
1 Thorns Aura
» actions
| Assign group hotkey | 1233 | |
| Basic commands | 93 | |
| Build / train | 104 | |
| ESC pressed | 1 | |
| Enter build submenu | 12 | |
| Enter hero's abilities submenu | 12 | |
| Give item / drop item | 3 | |
| Remove unit from queue | 3 | |
| Right click | 1499 | |
| Select / deselect | 526 | |
| Select group hotkey | 702 | |
| Use ability | 166 | |
4354 total
» units
| Wisp | 10 | |
| Archer | 12 | |
| Faerie Dragon | 9 | |
| Druid of the Talon | 20 | |
51 total
» upgrades
| Improved Bows | 1 | |
| Druid of the Talon Training | 2 | |
| Mark of the Talon | 1 | |
| Nature's Blessing | 1 | |
5 total
» buildings
| Moon Well | 4 | |
| Ancient of War | 1 | |
| Altar of Elders | 1 | |
| Ancient of Wonders | 2 | |
| Tree of Ages | 6 | |
| Ancient of Wind | 3 | |
| Tree of Eternity | 1 | |
18 total
» build order
00:18 Moon Well
00:32 Ancient of War
01:03 Altar of Elders
01:25 Moon Well
01:57 Moon Well
02:18 Ancient of Wonders
03:14 Tree of Ages
03:14 Tree of Ages
03:14 Tree of Ages
03:14 Tree of Ages
05:50 Ancient of Wind
05:55 Ancient of Wind
06:59 Moon Well
12:40 Tree of Eternity
18:54 Ancient of Wind
20:32 Ancient of Wonders
» items
| Dust of Appearance | 3 | |
| Staff of Preservation | 1 | |
| Lesser Clarity Potion | 2 | |
| Moonstone | 4 | |
| Scroll of Town Portal | 1 | |
| Potion of Healing | 5 | |
| Staff of Teleportation | 2 | |
| Orb of Venom | 1 | |
| Potion of Lesser Invulnerability | 1 | |
20 total
Chat log
(00:05 / All) szsy: gl h
(00:07 / All) szsy: hf
(00:10 / All) erz: gl hf
(15:36 / All) erz: that ninja is good
(30:02 / All) szsy: gg
(30:05 / All) erz: gg